AoeStats
← Ernst paul

Black Forest

509934897Analyzed
2v2 RM · 4d ago on Sep 28, 2026· 55m 50s· 4 players
Game mode
Random Map
Map size
Medium (4 player)
Population
200
Speed
Normal
Resources
Standard
Victory
Conquest
Starting age
Dark Age
Ending age
Imperial Age
RankedLock teamsTeams togetherTeam positionsShared explorationLock speedFull tech treeHidden civsTurbo modeCheats
Victory
Defeat
🇧🇪 Ethiopians · Belgium
858
+16
🇩🇪 Saracens · Germany
841
+16
🇨🇱 Spanish · Chile
871
-17
🇨🇱 Portuguese · Chile
833
-15
ivanklaricnejla
0:40 Loom
12:12 Feudal Age
12:27 Man-at-Arms
12:54 Arson
20:38 Castle Age
18:53 Gold Mining
19:12 Scale Mail Armor
19:21 Double-Bit Axe
19:27 Horse Collar
20:03 Stone Mining
20:26 Fletching
22:04 Heavy Plow
25:49 Bow Saw
29:34 Forging
29:39 Chain Mail Armor
29:30 Scale Barding Armor
29:21 Bodkin Arrow
31:54 Wheelbarrow
32:03 Iron Casting
31:30 Padded Archer Armor
34:45 Imperial Age
33:09 Hand Cart
32:41 Town Watch
34:38 Gold Shaft Mining
34:56 Ballistics
34:32 Murder Holes
35:11 Chain Barding Armor
35:06 Leather Archer Armor
35:19 Bimaristan
36:34 Chemistry
37:55 Two-Man Saw
37:37 Plate Barding Armor
37:32 Plate Mail Armor
38:03 Blast Furnace
37:04 Bracer
37:34 Ring Archer Armor
37:04 Heavy Camel Rider
37:56 Bloodlines
37:06 Light Cavalry
37:48 Husbandry
37:53 Squires
37:19 Pikeman
38:33 Elite Mameluke
39:36 Conscription
40:29 Elite Skirmisher
40:30 Crossbowman
41:15 Thumb Ring
41:36 Masonry
41:38 Fortified Wall
40:52 Long Swordsman
43:19 Hoardings
42:55 Counterweights
44:06 Two-Handed Swordsman
44:31 Gambesons
44:43 Arbalester
45:49 Parthian Tactics
45:06 Champion
Ernst paul
0:53 Loom
13:02 Feudal Age
13:39 Double-Bit Axe
13:38 Horse Collar
19:45 Castle Age
20:54 Padded Archer Armor
20:44 Fletching
20:19 Crossbowman
22:50 Bow Saw
24:50 Heavy Plow
26:50 Wheelbarrow
27:23 Stone Mining
29:08 Hand Cart
30:14 Forging
30:05 Scale Mail Armor
30:13 Scale Barding Armor
30:38 Ballistics
32:43 Chain Barding Armor
32:59 Iron Casting
38:01 Imperial Age
37:58 Town Watch
38:11 Guard Tower
38:19 Murder Holes
41:02 Chemistry
40:05 Torsion Engines
42:19 Conscription
42:26 Fortified Wall
45:04 Gold Mining
44:38 Heavy Camel Rider
46:24 Blast Furnace
46:11 Heavy Scorpion
46:14 Onager
47:39 Light Cavalry
48:43 Halberdier
51:40 Hussar
fidelandresc
0:27 Loom
11:08 Feudal Age
11:44 Double-Bit Axe
18:39 Castle Age
16:38 Stone Mining
18:12 Gold Mining
21:29 Stone Shaft Mining
25:33 Wheelbarrow
28:11 Horse Collar
29:14 Hand Cart
30:08 Caravan
33:24 Imperial Age
31:12 Bow Saw
31:34 Heavy Plow
31:38 Fletching
32:37 Ballistics
36:09 Chemistry
36:46 Two-Man Saw
36:59 Fortified Wall
36:45 Murder Holes
36:31 Pikeman
37:09 Bodkin Arrow
38:15 Forging
38:06 Scale Mail Armor
37:30 Elite Skirmisher
38:16 Thumb Ring
37:33 Halberdier
38:13 Squires
37:59 Gambesons
40:16 Iron Casting
40:00 Bloodlines
39:51 Husbandry
40:51 Conscription
39:59 Cavalier
41:42 Paladin
43:37 Scale Barding Armor
44:33 Blast Furnace
43:48 Chain Mail Armor
43:52 Bracer
45:40 Chain Barding Armor
48:07 Plate Mail Armor
48:12 Plate Barding Armor
47:38 Padded Archer Armor
fparrao19
0:27 Loom
13:56 Feudal Age
15:20 Wheelbarrow
15:56 Double-Bit Axe
21:23 Castle Age
19:38 Man-at-Arms
23:14 Long Swordsman
24:29 Bow Saw
25:24 Horse Collar
35:33 Imperial Age
36:12 Elite Organ Gun
38:42 Chemistry
41:25 Hand Cart
42:01 Pikeman
46:45 Onager
55:06 Cavalier
55:47 Husbandry
Connection lost

Rejoining the realm…

Still unreachable

The connection could not be restored.

Session expired

The server has moved on; the page needs a fresh start.